 Dungeon Crawl Stone Soup version 0.29.0-11-gd7f09526c8 (webtiles) character file.

Game seed: 8432726856782554772

37 Monkooky the Sneak (level 3, -3/26 HPs)
             Began as a Ghoul Enchanter on Sept 4, 2022.
             Slain by a gnoll
             ... wielding a +0 halberd
              (17 damage)
             ... on level 2 of the Dungeon.
             The game lasted 00:02:16 (1483 turns).

Monkooky the Sneak (Ghoul Enchanter)                Turns: 1483, Time: 00:02:17

Health: -3/26      AC:  2    Str: 13    XL:     3   Next: 41%
Magic:  4/4        EV: 12    Int: 10    God:
Gold:   65         SH:  0    Dex:  9    Spells: 5/5 levels left

rFire   . . .      SeeInvis .     - Unarmed
rCold   + . .      Faith    .   (no shield)
rNeg    + + +      Spirit   .   b - +0 robe
rPois   ∞          Reflect  .   (no helmet)
rElec   .          Harm     .   (no cloak)
rCorr   .          Rampage  .   (no gloves)
Will    .....                   (no boots)
Stlth   ++........              (no amulet)
HPRegen 0.00/turn               (no ring)
MPRegen 0.09/turn               (no ring)

@: inhibited regen
A: claws 1, cold resistance 1, negative energy resistance 3, inhibited
regeneration, torment resistance 2, devour on kill
a: no special abilities


You were on level 2 of the Dungeon.
You visited 1 branch of the dungeon, and saw 2 of its levels.

You collected 65 gold pieces.

Inventory:

Hand Weapons
 a - a +1 dagger
Armour
 b - a +0 robe (worn)
Jewellery
 e - a ring of wizardry
Scrolls
 d - a scroll of enchant weapon {unknown}
 f - a scroll of teleportation {unknown}
 h - a scroll of magic mapping {unknown}
Potions
 c - a potion of invisibility
 g - a potion of heal wounds {unknown}


   Skills:
 - Level 0.8 Short Blades
 - Level 1.7 Dodging
 - Level 3.2 Stealth
 + Level 3.2 Unarmed Combat
 - Level 1.7 Spellcasting
 - Level 2.4 Hexes


You had 5 spell levels left.
You didn't know any spells.
Your spell library contained the following spells:

 Spells                   Type           Power      Damage    Failure   Level
 Ensorcelled Hibernation  Hex/Ice        6%         N/A       30%         2
 Confusing Touch          Hex            5%         N/A       34%         3
 Tukima's Dance           Hex            5%         N/A       34%         3
 Dazzling Flash           Conj/Hex       6%         N/A       52%         3
 Anguish                  Hex/Necr       1%         N/A       89%         4
 Spider Form              Tmut/Pois      Unusable   N/A       N/A         3

Dungeon Overview and Level Annotations

Branches:
Dungeon (2/15)

Altars:
Vehumet

Shops:
D:1 [


Innate Abilities, Weirdness & Mutations

You are immune to poison.
You have sharp fingernails.
Your flesh is cold resistant. (rC+)
You are immune to negative energy. (rN+++)
You do not regenerate when monsters are visible.
You are immune to unholy pain and torment.
You thrive by killing the living.


Message History

You now have 63 gold pieces (gained 13).
You see here a hobgoblin corpse.
You now have 65 gold pieces (gained 2).
Found 5 boomerangs and a kite shield.
A gnoll comes into view. It is wielding a +0 spear.
A gnoll comes into view. It is wielding a +0 halberd.
A gnoll comes into view. It is wielding a +0 whip.
The gnoll shouts!
A ball python comes into view.
A gnoll comes into view. It is wielding a +0 club.
A rat and an adder come into view.
The gnoll shouts!
The adder hisses angrily.
The ball python hisses angrily.
The adder bites the plant.
The plant begins to die.
Something bites the plant.
The plant begins to die.
The gnoll hits the plant with a +0 club!
The plant begins to die.
Something bites the plant.
The plant is poisoned.
Something poisons the plant!
The gnoll shouts!
The rat bites something.
The gnoll attacks as you move away! The gnoll hits you with a +0 whip.
The gnoll attacks as you move away! The gnoll hits you but does no damage.
The gnoll attacks as you move away! The gnoll closely misses you.
You scratch the gnoll.
The gnoll is moderately wounded.
The gnoll misses you.
You scratch the gnoll.
The gnoll is heavily wounded.
The gnoll closely misses you.
You claw the gnoll!
The gnoll is almost dead.
The gnoll hits you with a +0 whip! The gnoll barely misses you.
You barely miss the gnoll.
The gnoll is almost dead.
You claw the gnoll!
You kill the gnoll!
You feel better.
The gnoll hits you from afar with a +0 halberd.
The gnoll hits you from afar with a +0 halberd!
Ouch! That really hurt!
You die...

##...##..#####...>...##S....#
............................# #.
##...###....................+ #.
.....#.......#.###.#g##.....# #.
....................S######## #.
.............#.###.#.###########.
.................g.S.............
...............÷.................
#########.#.....@................
.. #.#..#.#####.##.......... ##.
#.#..#.# #............. # #
#.#..#.########..#######. #
#........................
###..###########.##.###.. #..#
#.##.#.... #..# #.##.####. #..#
#.##.####.


You could see 2 gnolls and an adder.

Vanquished Creatures
  A gnoll (D:2)
  4 dart slugs
  2 ball pythons
  2 endoplasms
  3 goblins (D:1)
  A hobgoblin (D:2)
  A kobold (D:2)
  2 quokkas (D:1)
  A frilled lizard (D:1)
  2 rats (D:1)
19 creatures vanquished.

Vanquished Creatures (others)
  5 plants (D:2)
5 creatures vanquished.

Grand Total: 24 creatures vanquished

Notes
Turn   | Place    | Note
-------+----------+-------------------------------------------
     0 | D:1      | Monkooky the Ghoul Enchanter began the quest for the Orb.
     0 | D:1      | Reached XP level 1. HP: 14/14 MP: 2/2
   256 | D:1      | Found Asimucao's Armour Shop.
   269 | D:1      | Reached skill level 1 in Unarmed Combat
   307 | D:1      | Reached XP level 2. HP: 15/20 MP: 3/3
   545 | D:1      | HP: 1/20 [rat (3)]
  1032 | D:1      | Found a faded altar of an unknown god.
  1059 | D:1      | Prayed at the altar of an unknown god.
  1059 | D:1      | Became a worshipper of Vehumet
  1059 | D:1      | Reached * piety under Vehumet
  1059 | D:1      | Offered knowledge of Shock by Vehumet.
  1060 | D:1      | Fell from the grace of Vehumet
  1251 | D:2      | Reached XP level 3. HP: 26/26 MP: 4/4
  1483 | D:2      | Slain by a gnoll

Illustrated notes

Levels and vault maps discovered:
D:1:      scummos_arrival_forest, layout_rooms, serial_shops,
          nicolae_shop_hallway_stairs, nicolae_ecumenical_lake_church,
          minmay_indecisive_spiral
D:2:      layout_basic, nicolae_grassy_gnolls, uniq_robin

Skill      XL: |  1  2  3 |
---------------+----------+-----
Unarmed Combat | 1 2 3 |  3.2
Short Blades   | |  0.8
Dodging        | |  1.7
Stealth        | |  3.2
Spellcasting   | |  1.7
Hexes          | |  2.4

Action                   || total
-------------------------++-------
Melee: Dagger            ||    28
       Unarmed           ||    50
       Punch             ||     1
Invok: Renounce Religion ||     1
  Use: Potion            ||     1
 Stab: Sleeping          ||     3
       Invisible         ||     2
Armor: Robe              ||    13
Dodge: Dodged            ||    36
